 Dungeon Crawl Stone Soup version 0.30-a0-722-g3e6e8c874d (webtiles) character file.

Game seed: 2592914341107825697

15161 BigDaddyOpFi the Cleaver (level 12, -4/110 HPs)
             Began as a Hill Orc Fighter on Jan 27, 2023.
             Was a High Priest of Beogh.
             Slain by a death drake (5 damage)
             ... in a Gauntlet.
             The game lasted 00:17:41 (13501 turns).

BigDaddyOpFi the Cleaver (Hill Orc Fighter)        Turns: 13501, Time: 00:17:42

Health: -4/110     AC: 27    Str: 22    XL:     12   Next: 24%
Magic:  18/18      EV: 10    Int: 10    God:    Beogh [*****.]
Gold:   1724       SH:  0    Dex: 10    Spells: 11/11 levels left

rFire   . . .      SeeInvis +    e - +5 war axe (venom)
rCold   . . .      Faith    +    Q - +0 tower shield
rNeg    . . .      Spirit   .    I - +8 chain mail of Cove Ije {Will+ Str-2 Int+2}
rPois   .          Reflect  .    k - +0 helmet
rElec   .          Harm     .    v - +2 cloak
rCorr   .          Rampage  .    N - +0 pair of gloves
Will    +....      NoTele   +    V - +0 pair of boots Stlth
                                 y - amulet of faith
HPRegen 0.38/turn                D - ring of see invisible
MPRegen 0.16/turn                K - +5 ring of evasion

@: confused, mighty, lethally poisoned (-4 -> -15), ambrosia-drunk, hasted and
slowed
A: walk on water
a: Renounce Religion, Smiting, Recall Orcish Followers, Give Item to Named
Follower


You were in a Gauntlet.
You worshipped Beogh.
Beogh was extremely pleased with you.
You visited 2 branches of the dungeon, and saw 13 of its levels.
You also visited: Sewer and Gauntlet.

You collected 1778 gold pieces.
You spent 54 gold pieces at shops.

Inventory:

Hand Weapons
 a - a +0 war axe
 e - a +5 war axe of venom (weapon)
 G - the +4 rapier "Veakk" {heavy, rElec Str+3 Int+4 Stlth+}
   (You found it on level 10 of the Dungeon)

   Str:       It affects your strength (+3).
   Int:       It affects your intelligence (+4).
   rElec:     It insulates you from electricity.
   Stlth:     It makes you more stealthy.
 U - a +2 halberd of holy wrath
Missiles
 i - 4 throwing nets
 H - 4 silver boomerangs (quivered)
Armour
 c - a +1 buckler
 k - a +0 helmet (worn)
 v - a +2 cloak (worn)
 E - the +0 pair of gloves "Xisarudi" {rElec rF+ Int-3 Stlth+}
   (You found it in a Gauntlet)

   Int:       It affects your intelligence (-3).
   rF:        It protects you from fire.
   rElec:     It insulates you from electricity.
   Stlth:     It makes you more stealthy.
 I - the +8 chain mail of Cove Ije (worn) {Will+ Str-2 Int+2}
   (You acquired it on level 7 of the Dungeon)

   Str:       It affects your strength (-2).
   Int:       It affects your intelligence (+2).
   Will:      It increases your willpower.
 N - a +0 pair of gloves (worn)
 P - a +0 kite shield
 Q - a +0 tower shield (worn)
 V - a +0 pair of boots (worn)
Jewellery
 b - an amulet of the acrobat
 h - a ring of wizardry
 n - a ring of fire
 y - an amulet of faith (around neck)
 C - a ring of magical power
 D - a ring of see invisible (left hand)
 K - a +5 ring of evasion (right hand)
Wands
 m - a wand of mindburst (24)
 o - a wand of flame (36)
 L - a wand of quicksilver (9)
 M - a wand of polymorph (10)
 R - a wand of charming (7)
 T - a wand of roots (7)
Scrolls
 l - 2 scrolls of vulnerability
 p - 7 scrolls of teleportation
 r - a scroll of fear
 t - 2 scrolls of magic mapping
 B - 3 scrolls of noise
 J - 2 scrolls of torment
 O - a scroll of silence
 S - a scroll of identify
Potions
 f - 4 potions of degeneration
 q - 4 potions of brilliance
 s - 6 potions of attraction
 u - 5 potions of flight
 w - 3 potions of lignification
 z - 2 potions of haste
 A - a potion of cancellation {unknown}
 F - a potion of magic {unknown}
 W - a potion of resistance {unknown}


   Skills:
 + Level 11.5 Fighting
 + Level 12.3 Axes
 + Level 10.6 Armour
 + Level 10.6 Shields
 + Level 9.2 Invocations


You had 11 spell levels left.
You didn't know any spells.
Your spell library contained the following spells:

 Spells                   Type           Power      Damage    Failure   Level
 Freeze                   Ice            0%         1d3       100%        1
 Sandblast                Erth           0%         2d4       100%        1
 Slow                     Hex            0%         N/A       100%        1
 Passwall                 Tmut/Erth      0%         N/A       100%        2
 Sublimation of Blood     Necr           0%         N/A       100%        2
 Confusing Touch          Hex            0%         N/A       100%        3
 Frozen Ramparts          Ice            0%         1d1       100%        3
 Hailstorm                Conj/Ice       0%         3d3       100%        3
 Stone Arrow              Conj/Erth      0%         3d7       100%        3
 Vampiric Draining        Necr           0%         2d6       100%        3
 Petrify                  Tmut/Erth      0%         N/A       100%        4
 Irradiate                Conj/Tmut      0%         3d11      100%        5


Dungeon Overview and Level Annotations

Branches:
Dungeon (11/15)            Temple (0/1) D:7            Lair (2/5) D:11
  Snake (0/4) Lair:2          Orc (0/2) D:10          Sewer (visited)
Gauntlet (1/1)
  Swamp: Lair:2-3    Shoals: Lair:2-3

Altars:
Cheibriados
Elyvilon
Fedhas
Okawaru
Wu Jian

Shops:
D:11 *

Annotations:
Gauntlet 5 transporters, 15 runed translucent doors


Message History

You feel better.
The death drake bites you but does no damage.
The wolf spider zombie barely misses you.
The wolf spider zombie bites you but does no damage.
The centaur warrior zombie fails to trigger a net trap.
You block the death drake's attack.
You block the wolf spider zombie's attack. x2
Okay, then.
Blink to where?
Press: ? - help, Dir - move target
As you read the scroll of blinking, it crumbles to dust.
The centaur warrior zombie completely misses you.
You block the centaur warrior zombie's attack.
The centaur warrior zombie closely misses you.
The centaur warrior zombie barely misses you.
The death drake breathes miasma at you.
The foul vapour engulfs the centaur warrior zombie.
The centaur warrior zombie completely resists.
You feel yourself speed up.
You are engulfed in dark miasma.
You are lethally poisoned!
You feel as though you will be slow longer.
* * * LOW HITPOINT WARNING * * *
x2 You feel extremely sick.
The wolf spider zombie fails to trigger a net trap.
The centaur warrior zombie hits you but does no damage.
The centaur warrior zombie kicks you but does no damage.
The centaur warrior zombie hits you but does no damage.
You block the centaur warrior zombie's attack.
The centaur warrior zombie hits you but does no damage.
The centaur warrior zombie kicks you but does no damage.
It was a potion of ambrosia.
You are confused.
You feel invigorated.
* * * LOW HITPOINT WARNING * * *
You feel very sick. The centaur warrior zombie hits you.
* * * LOW HITPOINT WARNING * * *
The centaur warrior zombie kicks you but does no damage.
The death drake bites you.
You die...

...#...#=#..Y#.#...#z.##.##..
8.#...#..####.#####=.##z##..
.#...#...YYY.#...#z#^z..z#.
##...#########...#zz...z...
#≈...............##########
##.8.....8.................
##...............8.....8....
#≈...###########............
##...#...'.@ZZ.#...#########
#≈...#...'..kZ.#...#.......#
##...#..##++#Z'#####[...##.#
#≈...#[.+...+..#...#..##)#.#
##.8.#©.+...#.©#©8©#©.#©)#.#
#≈...#(.+...+..#...#.#..##.#
##...#?.##++#++#####.####..#
#≈...#...+..+^.#...#.......#
##...#...+..+..#...#########


You could see a dire elephant, a death drake (very poisoned), 2 elephants, a
spectral centaur warrior, a wolf spider zombie and 2 centaur warrior zombies.

Vanquished Creatures
  Harold (D:10)
  A catoblepas (Gauntlet)
  Erica (D:8)
  2 centaur warriors (D:9)
  2 two-headed ogres
  A deep elf pyromancer (D:7)
  An elephant (Lair:1)
  A cane toad (Lair:1)
  A molten gargoyle (Gauntlet)
  A gargoyle (Gauntlet)
  A polar bear (Lair:1)
  2 hornets
  4 slime creatures (D:11)
  6 yaks
  2 steam dragons
  A water moccasin (Lair:1)
  An ice beast (D:8)
  3 sky beasts
  A black bear (shapeshifter) (D:9)
  A black bear (D:4)
  2 ogres
  A phantom (D:5)
  3 lemures (D:9)
  A kobold brigand (D:11)
  3 bullfrogs
  2 necrophages
  A scorpion (D:6)
  8 wights
  6 killer bees
  6 howler monkeys
  8 orc priests
  A hound (D:7)
  A jelly (D:5)
  3 iguanas
  A hell rat (Sewer)
  8 orc wizards
  11 adders
  14 gnolls
  5 river rats (Sewer)
  A shadow imp (D:8)
  A white imp (D:7)
  28 orcs
  5 endoplasms
  5 giant cockroaches
  7 goblins
  4 hobgoblins
  3 jackals (D:1)
  2 quokkas
  7 ball pythons
  4 bats
  5 frilled lizards
  9 kobolds
  8 rats
208 creatures vanquished.

Vanquished Creatures (collateral kills)
  Pikel (D:9)
  2 ugly things (D:11)
  3 elephants (Lair:1)
  2 black mambas (Lair:1)
  2 cane toads (Lair:1)
  A torpor snail (Lair:1)
  A kobold demonologist (D:11)
  A hornet (Lair:1)
  A slime creature (D:9)
  A shadow (D:10)
  4 yaks
  A wyvern (D:10)
  A basilisk (Lair:1)
  A steam dragon (D:9)
  An acid dragon (D:10)
  3 water moccasins
  3 bullfrogs
  A killer bee (D:9)
  A howler monkey (D:11)
  2 orc wizards
  An orc (D:8)
34 creatures vanquished.

Vanquished Creatures (others)
  An orc priest (Lair:1)
  6 orcs
  7 giant cockroaches (D:3)
  A kobold (D:3)
  3 fungi
  12 plants
30 creatures vanquished.

Grand Total: 272 creatures vanquished

Notes
Turn   | Place    | Note
-------+----------+-------------------------------------------
     0 | D:1      | BigDaddyOpFi the Hill Orc Fighter began the quest for the
                  | Orb.
     0 | D:1      | Reached XP level 1. HP: 19/19 MP: 1/1
   513 | D:1      | Reached XP level 2. HP: 27/27 MP: 2/2
   514 | D:1      | Reached skill level 3 in Axes
   756 | D:1      | Found a faded altar of an unknown god.
   824 | D:1      | Identified a scroll of acquirement
   824 | D:1      | Acquired a +4 war axe of flaming
  1356 | D:2      | Reached XP level 3. HP: 33/33 MP: 3/3
  2018 | D:3      | Reached XP level 4. HP: 40/40 MP: 4/4
  2020 | D:3      | Became a worshipper of Beogh the Brigand
  2100 | D:3      | Reached skill level 4 in Axes
  2105 | D:3      | Reached XP level 5. HP: 37/47 MP: 5/5
  2593 | D:3      | Found a faded altar of an unknown god.
  2597 | D:3      | Found an iron altar of Okawaru.
  2982 | D:4      | Noticed a black bear
  2992 | D:4      | Reached skill level 5 in Fighting
  2992 | D:4      | Reached XP level 6. HP: 56/56 MP: 6/6
  2994 | D:4      | Killed a black bear
  2995 | D:4      | Reached skill level 5 in Axes
  3002 | D:4      | Reached * piety under Beogh
  3266 | D:4      | Reached skill level 5 in Armour
  3275 | D:4      | Reached skill level 5 in Shields
  3275 | D:4      | Reached XP level 7. HP: 43/61 MP: 7/7
  3846 | D:5      | Entered Level 5 of the Dungeon
  4025 | D:5      | Reached skill level 6 in Axes
  4042 | D:5      | Found a glowing drain.
  4076 | D:5      | Reached ** piety under Beogh
  4095 | Sewer    | Entered a sewer
  4102 | Sewer    | Reached XP level 8. HP: 70/70 MP: 8/8
  5473 | D:6      | Reached skill level 7 in Axes
  6088 | D:6      | Reached *** piety under Beogh
  6379 | D:6      | Reached skill level 8 in Axes
  6379 | D:6      | Reached XP level 9. HP: 73/80 MP: 9/9
  6937 | D:7      | Acquired the +8 chain mail of Cove Ije {Will+ Str-2 Int+2}
  6949 | D:7      | Acquired 931 gold pieces
  6971 | D:7      | Noticed a deep elf pyromancer
  6977 | D:7      | Killed a deep elf pyromancer
  7024 | D:7      | Found a snail-covered altar of Cheibriados.
  7075 | D:7      | Found a white marble altar of Elyvilon.
  7201 | D:7      | Found a staircase to the Ecumenical Temple.
  7286 | D:7      | Reached skill level 9 in Axes
  7591 | D:8      | Noticed Erica
  7598 | D:8      | Killed Erica
  7599 | D:8      | Reached XP level 10. HP: 70/91 MP: 11/13
  7830 | D:8      | You fall into a shaft and drop 3 floors!
  7839 | D:10     | Entered Level 10 of the Dungeon
  7839 | D:10     | Found a staircase to the Orcish Mines.
  8062 | D:10     | Identified the +4 rapier "Veakk" {heavy, rElec Str+3 Int+4
                  | Stlth+}
  8992 | D:9      | Noticed Pikel
  8998 | D:9      | Killed Pikel
  8999 | D:9      | Reached skill level 5 in Invocations
  9018 | D:9      | Reached skill level 10 in Axes
  9303 | D:8      | Reached **** piety under Beogh
  9638 | D:9      | Noticed a centaur warrior
  9639 | D:9      | Noticed a centaur warrior
  9645 | D:9      | Killed a centaur warrior
  9647 | D:9      | Killed a centaur warrior
  9648 | D:9      | Reached skill level 10 in Fighting
  9648 | D:9      | Reached XP level 11. HP: 80/99 MP: 15/15
  9909 | D:9      | Found a blossoming altar of Fedhas.
 10025 | D:9      | Noticed a two-headed ogre
 10030 | D:9      | Killed a two-headed ogre
 10031 | D:9      | Reached skill level 11 in Axes
 10499 | D:10     | Found an ornate altar of the Wu Jian Council.
 10627 | D:10     | Noticed a two-headed ogre
 10634 | D:10     | Killed a two-headed ogre
 10767 | D:10     | Noticed Harold
 10779 | D:10     | Killed Harold
 10969 | D:11     | Found Uhiagg Roro's Mass Market.
 10977 | D:11     | Noticed a brown ugly thing
 10983 | D:11     | Killed a brown ugly thing
 11230 | D:11     | Bought a +0 tower shield for 54 gold pieces
 11356 | D:11     | Noticed a purple ugly thing
 11363 | D:11     | Killed a purple ugly thing
 11601 | D:11     | Found a staircase to the Lair.
 11788 | Lair:1   | Entered Level 1 of the Lair of Beasts
 11884 | Lair:1   | Reached skill level 10 in Armour
 11884 | Lair:1   | Reached skill level 10 in Shields
 12033 | Lair:1   | Reached ***** piety under Beogh
 12279 | Lair:1   | Reached XP level 12. HP: 110/110 MP: 18/18
 12292 | Lair:1   | Reached skill level 12 in Axes
 12582 | Lair:1   | Identified the +2 leather armour of the Abyss {rPois rN+
                  | Will+++ Stlth-}
 12899 | Lair:2   | Found a gate leading to a gauntlet.
 12985 | Gauntlet | Entered a Gauntlet
 12985 | Gauntlet | Found a transporter.
 12990 | Gauntlet | Found a transporter.
 13005 | Gauntlet | Noticed a catoblepas
 13024 | Gauntlet | Found a transporter.
 13026 | Gauntlet | Found a transporter.
 13028 | Gauntlet | Found a transporter.
 13030 | Gauntlet | Found a large runed translucent door.
 13030 | Gauntlet | Found a large runed translucent door.
 13031 | Gauntlet | Found a large runed translucent door.
 13031 | Gauntlet | Found a large runed translucent door.
 13032 | Gauntlet | Found a large runed translucent door.
 13032 | Gauntlet | Found a large runed translucent door.
 13032 | Gauntlet | Found a runed translucent door.
 13032 | Gauntlet | Found a runed translucent door.
 13033 | Gauntlet | Found a large runed translucent door.
 13033 | Gauntlet | Found a transporter.
 13034 | Gauntlet | Found a large runed translucent door.
 13035 | Gauntlet | Found a large runed translucent door.
 13035 | Gauntlet | Found a large runed translucent door.
 13035 | Gauntlet | Noticed a dire elephant
 13036 | Gauntlet | Found a runed translucent gate.
 13039 | Gauntlet | Found a transporter.
 13039 | Gauntlet | Found a runed translucent gate.
 13039 | Gauntlet | Found a transporter.
 13041 | Gauntlet | Found a runed translucent gate.
 13048 | Gauntlet | Found a large runed translucent door.
 13048 | Gauntlet | Found a large runed translucent door.
 13049 | Gauntlet | Found a large runed translucent door.
 13050 | Gauntlet | Found a large runed translucent door.
 13060 | Gauntlet | Found a large runed translucent door.
 13060 | Gauntlet | Found a large runed translucent door.
 13114 | Gauntlet | Killed a catoblepas
 13120 | Gauntlet | HP: 2/165 [gargoyle/stone arrow (24)]
 13459 | Gauntlet | Identified the +0 pair of gloves "Xisarudi" {rElec rF+
                  | Int-3 Stlth+}
 13497 | Gauntlet | HP: 4/110 [wolf spider zombie (2)]
 13501 | Gauntlet | HP: 1/110 [centaur warrior zombie (5)]
 13501 | Gauntlet | Slain by a death drake

Illustrated notes

Levels and vault maps discovered:
D:1:      dpeg_cavernosity, layout_loops_ring,
          shapermc_ecumenical_altar_mp_ritualfount, nicolae_figureground_pulse
D:2:      layout_loops_ring, minivault_5, minmay_goblin_kobold_house
D:3:      minmay_roachtagon, layout_basic, nicolae_overflow_ecumenical_swirl,
          serial_forest, infiniplex_forest_clump_tiny,
          infiniplex_forest_clump_C, infiniplex_forest_lined_1,
          infiniplex_forest_clump_small, infiniplex_forest_straight_2
D:4:      layout_basic
D:5:      layout_rooms, gup_sewer_entry_glass, serial_curves, eino_curves_02,
          eino_curves_03
D:6:      layout_basic
D:7:      layout_rooms, elyvilon_altar_5, lemuel_tele_altar,
          minmay_temple_entry_trees, kennysheep_cross_room,
          guppyfry_early_elven_hall
D:8:      layout_basic, uniq_erica
D:9:      minmay_bloctagon_deflated, layout_basic, fedhas_ov_isle_minmay,
          uniq_pikel
D:10:     layout_basic, mainiacjoe_overflow_24_doors, orc_0_dummy, uniq_harold
D:11:     layout_roguey, lair_entry_dummy, minmay_shop_mass
Lair:1:   layout_hall_layers, st_stairs_10, grunt_megastairs_5
Lair:2:   layout_concentric_octagons, dummy_snake_entry, gauntlet_entry_generic,
          grunt_megastairs_3, serial_bayou_shore_b
Gauntlet: minmay_gauntlet_mixed_oops_all_seconds
          [minmay_gauntlet_arena_77_hold_the_fort,
          nicolae_gauntlet_arena_blocks,
          minmay_gauntlet_arena_77_tiled_triplets,
          minmay_gauntlet_arena_make_your_own_arena,
          minmay_gauntlet_arena_77_box, gammafunk_gauntlet_arena_teeth,
          gauntlet_exit_green]

Skill      XL: |  1  2  3  4  5  6  7  8  9 10 11 12 |
---------------+-------------------------------------+-----
Axes           | 3 4 5 6 8 9 10 11 12 | 12.3
Fighting       | 4 5 6 7 9 10 11 | 11.5
Armour         | 4 5 7 8 9 10 | 10.6
Shields        | 4 5 7 8 9 10 | 10.6
Invocations    | 4 6 8 9 |  9.2

Action                     |  1- 3 |  4- 6 |  7- 9 | 10-12 || total
---------------------------+-------+-------+-------+-------++-------
  Melee: War axe           |    81 |    78 |   253 |   191 ||   603
         Rapier            |       |       |       |     7 ||     7
  Throw: Throwing net      |       |       |     1 |       ||     1
         Boomerang         |       |       |     1 |       ||     1
 Invoke: Convert to Beogh  |       |     1 |       |       ||     1
         Recall Orcish Fol |       |       |       |     7 ||     7
         Stop Recall       |       |       |       |     1 ||     1
    Use: Scroll            |     1 |     8 |     6 |    11 ||    26
         Potion            |       |     1 |     1 |    14 ||    16
 Armour: Scale mail        |    55 |    56 |    60 |       ||   171
         Plate armour      |       |       |    50 |       ||    50
         Chain mail        |       |       |    25 |   133 ||   158
         Skin              |       |       |       |     5 ||     5
  Dodge: Dodged            |    58 |    31 |    82 |   109 ||   280
  Block: Buckler           |    13 |    19 |    78 |    33 ||   143
         Tower shield      |       |       |       |    96 ||    96
         Kite shield       |       |       |       |     6 ||     6

Table legend: (Time is in decaauts)
 A = Elapsed time spent in this place.
 B = Non-inter-level travel time spent in this place.
 C = Inter-level travel time spent in this place.
 D = Time resting spent in this place.
 E = Time spent auto-exploring this place.
 F = Levels seen in this place.
 G = Mean time per level.
                   A        B        C        D        E       F      G
               +--------+--------+--------+--------+--------+-----+--------+
         Total |  13642 |  13204 |    438 |   3835 |   7117 |  15 |  909.5 |
       Dungeon |  11163 |  10754 |    409 |   2628 |   6406 |  11 | 1014.8 |
          Lair |   1211 |   1183 |     28 |    229 |    711 |   2 |  605.5 |
         Sewer |    761 |    761 |      0 |    629 |      0 |   1 |  761.0 |
      Gauntlet |    506 |    506 |      0 |    348 |      0 |   1 |  506.0 |
               +--------+--------+--------+--------+--------+-----+--------+

Top non-repeatable levels by time:
     D:6: 1723 daAuts
    D:10: 1324 daAuts
     D:4: 1170 daAuts
     D:9: 1137 daAuts
     D:1: 1127 daAuts
  Lair:1: 1082 daAuts
    D:11: 1076 daAuts
     D:8: 858 daAuts
     D:3: 825 daAuts
     D:2: 780 daAuts
   Sewer: 761 daAuts
     D:5: 642 daAuts
Gauntlet: 506 daAuts
     D:7: 496 daAuts
  Lair:2: 128 daAuts
